 Dungeon Crawl Stone Soup version 0.30.1-11-g7821555f0a (webtiles) character file.

Game seed: 4886897161399379177

57 SacredBeard the Grave Robber (level 3, 0/26 HPs)
             Began as a Demonspawn Necromancer on Nov 4, 2023.
             Slain by Terence
             ... wielding a +2 antimagic short sword
              (5 damage)
             ... on level 2 of the Dungeon.
             The game lasted 00:04:44 (1370 turns).

SacredBeard the Grave Robber (DsNe)                 Turns: 1370, Time: 00:04:45

Health: 0/26       AC:  2    Str:  8    XL:     3   Next: 73%
Magic:  0/6        EV: 12    Int: 16    God:
Gold:   38         SH:  4    Dex: 15    Spells: 5/6 levels left

rFire   . . .        d - +0 dagger
rCold   . . .        (no shield)
rNeg    . . .        a - +0 robe
rPois   .            (no helmet)
rElec   .            (no cloak)
rCorr   .            (no gloves)
SInv    .            (no boots)
Will    .....        (no amulet)
Stlth   ++           (no ring)
HPRegen 0.24/turn    (no ring)
MPRegen 0.10/turn

%: no passive effects
@: no status effects
A: large bone plates 1
a: no special abilities


You were on level 2 of the Dungeon.
You visited 1 branch of the dungeon, and saw 2 of its levels.

You collected 38 gold pieces.

Inventory:

Hand Weapons
 d - a +0 dagger (weapon)
Missiles
 i - 5 stones
Armour
 a - a +0 robe (worn)
 f - a +0 plate armour
Scrolls
 c - a scroll of torment {unknown}
 h - a scroll of amnesia {unknown}
 k - a scroll of identify {unknown}
Potions
 b - a potion of magic
 e - a potion of flight {unknown}
 g - a potion of degeneration {unknown}
 j - a potion of resistance {unknown}


   Skills:
 + Level 1.0 Fighting
 + Level 1.0 Armour
 + Level 2.3 Dodging
 + Level 2.2 Stealth
 + Level 2.2 Spellcasting
 * Level 4.8 Necromancy


You had 5 spell levels left.
You knew the following spells:

 Your Spells              Type           Power      Damage    Failure   Level
a - Necrotise             Necr           68%        1d7       2%          1

Your spell library contained the following spells:

 Spells                   Type           Power      Damage    Failure   Level
 Vampiric Draining        Necr           17%        2d7       9%          3
 Cigotuvi's Dreadful Rot  Necr/Pois/Air  12%        N/A       16%         2
 Animate Dead             Necr           17%        N/A       26%         4
 Ignite Poison            Fire/Tmut/Pois 1%         N/A       52%         3
 Agony                    Necr           17%        N/A       58%         5
 Freezing Cloud           Conj/Ice/Air   0%         6-21      99%         5


Dungeon Overview and Level Annotations

Branches:
Dungeon (2/15) Zot: 10630

Altars:

Annotations:
D:2 Terence


Innate Abilities, Weirdness & Mutations

You are partially covered in large bone plates. (SH +4)


Message History

Your frilled lizard skeleton bites Terence but does no damage.
The jackal misses you.
Your jackal skeleton closely misses the jackal.
Casting: Necrotise (safe; 2% risk of failure)
Confirm with . or Enter, or press ? or * to list all spells.
You don't have enough magic to cast this spell.
You hit Terence but do no damage.
Terence is moderately wounded.
The jackal misses you.
Terence hits you with a +2 antimagic short sword.
Your jackal skeleton barely misses the jackal.
Your frilled lizard skeleton barely misses Terence.
You barely miss Terence. You punch Terence, but do no damage.
Terence is moderately wounded.
The jackal misses you.
Your jackal skeleton barely misses the jackal.
You block Terence's attack. The jackal misses you.
Your frilled lizard skeleton closely misses Terence.
You hit Terence but do no damage.
Terence is moderately wounded.
Your jackal skeleton closely misses the jackal.
Terence hits you with a +2 antimagic short sword.
The jackal closely misses you.
Your jackal skeleton bites the jackal but does no damage.
Hit: d) +0 dagger
Press: ? - help, Dir - move target, f/p - Terence
Aim: Terence, wielding a +2 antimagic short sword and wearing a +0 ring mail (moderately wounded, ally target, about 34% to evade your +0 dagger)
Okay, then.
You aren't carrying any items that you can evoke.
You hit Terence.
Terence is moderately wounded.
The jackal bites you but does no damage.
Terence hits you with a +2 antimagic short sword.
* * * LOW HITPOINT WARNING * * *
Your frilled lizard skeleton barely misses Terence.
Your jackal skeleton closely misses the jackal.
You block the jackal's attack. Terence attacks as you move away!
Terence hits you with a +2 antimagic short sword.
You die...

..........##
.....).!...#
...........#
...........#
...........#
.S.....Z...#
########
.....Zh....#
##......#
......@@..#
#..####.#
...#......# #.##
#.# ######.## #.#
#.# #......####.#
#.## #......#....#
#..# #
#........#### ##.#
# .............#
#.# #
.##.#.#.#........#
#.# .#
#.#.#.##.##..#.#
#..


You could see Terence (ally target), an adder, a jackal (ally target), a
friendly frilled lizard skeleton and a friendly jackal skeleton.

Vanquished Creatures
  An adder (D:2)
  A dart slug (D:1)
  3 bats (D:1)
  4 endoplasms (D:1)
  A giant cockroach (D:1)
  3 goblins
  2 hobgoblins (D:1)
  8 jackals
  3 kobolds (D:1)
  6 ball pythons
  2 frilled lizards (D:2)
  4 rats
38 creatures vanquished.

Vanquished Creatures (collateral kills)
  A jackal (D:2)
  A frilled lizard (D:1)
  2 rats
4 creatures vanquished.

Grand Total: 42 creatures vanquished

Notes
Turn   | Place    | Note
-------+----------+-------------------------------------------
     0 | D:1      | SacredBeard the Demonspawn Necromancer began the quest for
                  | the Orb.
     0 | D:1      | Reached XP level 1. HP: 13/13 MP: 3/3
   109 | D:1      | Gained mutation: You are partially covered in large bone
                  | plates. (SH +4) [demonic ancestry]
   109 | D:1      | Reached XP level 2. HP: 7/19 MP: 0/5
   645 | D:1      | Reached XP level 3. HP: 25/25 MP: 4/6
  1087 | D:2      | Noticed Terence
  1131 | D:2      | Reached skill level 1 in Armour
  1258 | D:2      | Reached skill level 1 in Fighting
  1370 | D:2      | Slain by Terence

Illustrated notes

Levels and vault maps discovered:
D:1:      erik_arrival_blinker_ship, layout_loops_cross, serial_forest,
          infiniplex_forest_end_1, infiniplex_forest_clump_long,
          infiniplex_forest_clump_long, infiniplex_forest_lined_room_2
D:2:      minmay_general_purpose_star, layout_rooms, grunt_ministairs_2,
          nicolae_elevator_lobby_plus, uniq_terence

Skill      XL: |  1  2  3 |
---------------+----------+-----
Stealth        | 2 |  2.2
Dodging        | 2 |  2.3
Armour         | 1 |  1.0
Fighting       | 1 |  1.0
Spellcasting   | |  2.2
Necromancy     | |  4.8

Action                     || total
---------------------------++-------
  Melee: Unarmed           ||     6
         Whip              ||     4
         Dagger            ||    25
         Punch             ||     1
   Cast: Necrotise         ||    60
 Armour: Robe              ||     8
  Dodge: Dodged            ||    46
  Block: Other             ||    14
